 Dungeon Crawl Stone Soup version 0.16.1-16-gc44b35d (webtiles) character file.

2636 Siriah the Quickloader (level 9, -13/79 HPs)
             Began as a Deep Dwarf Hunter on Apr 17, 2015.
             Mangled by an orc warrior
             ... wielding a +0 trident
              (15 damage)
             ... on level 6 of the Dungeon.
             The game lasted 00:30:01 (5766 turns).

Siriah the Quickloader (Deep Dwarf Hunter)          Turns: 5766, Time: 00:30:01

Health: -13/79     AC: 11    Str: 18      XL:     9   Next: 35%
Magic:  7/9        EV: 16    Int: 12      God:
Gold:   337        SH:  0    Dex: 13 (14) Spells: 1 memorised, 9 levels left

rFire  . . .     SeeInvis .     a - +3 battleaxe (freeze)
rCold  . . .     Clarity  .     d - +2 robe {Archmagi}
rNeg   . . .     SustAb   .     (no shield)
rPois  .         Gourm    .     w - +0 helmet
rElec  .         Spirit   .     (no cloak)
rCorr  .         Warding  .     h - +2 pair of gloves
rMut   .         Stasis   .     q - +1 pair of boots
MR     +....                    (no amulet)
Stlth  ++........               (no ring)
                                (no ring)

@: very slightly contaminated, non-regenerating, somewhat resistant to hostile
enchantments, unstealthy
A: damage resistance, recharge devices, sense surroundings 2, shaggy fur 1, slow
healing 3
a: Device Recharging


You were on level 6 of the Dungeon.
You were not hungry.

You visited 2 branches of the dungeon, and saw 8 of its levels.

You collected 337 gold pieces.

Inventory:

Hand weapons
 a - a +3 battleaxe of freezing (weapon)
 b - a +1 hand crossbow
Armour
 d - a +2 robe of the Archmagi (worn)
 g - a +0 ring mail
 h - a +2 pair of gloves (worn)
 q - a +1 pair of boots (worn)
 w - a +0 helmet (worn)
Magical devices
 c - a wand of magic darts (15)
 e - a wand of heal wounds (4)
 j - a wand of digging (10)
 n - a wand of slowing (26)
 r - a wand of lightning (0)
Scrolls
 i - 3 scrolls of blinking
 s - 2 scrolls of identify
 t - a scroll of remove curse
 u - 3 scrolls of magic mapping
Potions
 k - a potion of heal wounds {unknown}
 m - 2 potions of restore abilities
Books
 l - a Young Poisoner's Handbook

   Spells                             Type                      Level
   a - Sting                          Conjuration/Poison           1
   b - Cure Poison                    Poison                       2
   c - Mephitic Cloud                 Conjuration/Poison/Air       3
   d - Olgreb's Toxic Radiance        Poison                       4
   e - Venom Bolt                     Conjuration/Poison           5
Comestibles
 f - 5 bread rations
 p - 2 meat rations
 v - a beef jerky


   Skills:
 + Level 4.3 Fighting
 + Level 3.7 Axes
 + Level 8.4 Crossbows
 + Level 2.3 Armour
 + Level 8.4 Dodging
 + Level 3.9 Stealth
 + Level 1.3 Spellcasting
 + Level 1.4 Conjurations
 + Level 1.4 Poison Magic
 + Level 2.6 Evocations


You had 9 spell levels left.
You knew the following spells:

 Your Spells              Type           Power        Failure   Level  Hunger
a - Sting                 Conj/Pois      #...         17%         1    ##.....


Dungeon Overview and Level Annotations

Branches:
Dungeon (7/15)             Temple (1/1) D:6

Altars:
Cheibriados
Dithmenos
Fedhas
Kikubaaqudgha
Makhleb
Nemelex Xobeh
Okawaru
Qazlal
Ru
Sif Muna
Vehumet
Xom
Yredelemnul
Zin
The Shining One


Innate Abilities, Weirdness & Mutations

You are resistant to damage.
You can recharge devices by infusing magical energy.
You passively map the area around you.
You do not heal naturally.
You are covered in fur (AC +1).


Message History

Aiming: Sting
Press: ? - help, Shift-Dir - straight line, f/p - orc warrior
Aim: an orc warrior, wielding a trident and wearing a plate armour (moderately wounded)
You feel a surge of power!
The sting misses the orc warrior.
The sting misses the orc.
The orc warrior hits you from afar with a trident.
The orc warrior hits you with a trident!
You hit the orc warrior. You freeze the orc warrior.
The orc warrior is heavily wounded.
The orc warrior misses you.
You slash the orc warrior! You freeze the orc warrior.
The orc warrior is almost dead.
The orc warrior hits you with a trident!
* * * LOW HITPOINT WARNING * * *
The orc warrior hits you with a trident!!
* * * LOW HITPOINT WARNING * * *
You closely miss the orc warrior.
The orc warrior is almost dead.
The orc warrior hits you with a trident!
You die...

#.#.######...# #..
#.#.######...# ###,
#.........†### *
###.######.# * . ..# #.#
* ##########.# , .
.........#### , .
########.)..###########,
# ####...@oo.((.(.,* #
############# * # ## .##
#.## ##.# ##.# .#.#


You could see an orc warrior and an orc.

Vanquished Creatures
  Pikel (D:6)
  The ghost of Typee the Tormented, an average DENe of Kikubaaqudgha (D:5)
  An orc warrior (D:6)
  A slave (D:6)
  2 ice beasts
  A necrophage (D:6)
  2 sky beasts (D:6)
  3 ogres
  2 centaurs
  Sigmund (D:3)
  A water moccasin zombie (D:7)
  2 giant frogs (D:6)
  A scorpion (D:6)
  2 wights
  2 goliath beetles (D:6)
  2 hounds
  A centaur skeleton (D:4)
  An orc wizard (D:7)
  A quasit (D:6)
  2 giant frog skeletons
  Natasha (thrice) (D:4)
  4 worker ants
  An iguana (D:5)
  Ijyb (D:5)
  A hound skeleton (D:4)
  A worker ant zombie (D:6)
  4 gnolls
  5 adders
  A shadow imp (D:6)
  A giant mite (D:7)
  2 worms (D:2)
  3 giant geckos
  2 oozes (D:2)
  24 orcs
  2 ball pythons
  6 giant cockroaches
  14 hobgoblins
  4 quokkas
  9 bats
  A giant gecko skeleton (D:4)
  6 giant newts
  14 goblins
  2 jackals (D:1)
  12 kobolds
  12 rats
165 creatures vanquished.

Vanquished Creatures (others)
  A slave (D:6)
  A wight (D:6)
  A goblin (D:6)
  A kobold (D:6)
4 creatures vanquished.

Grand Total: 169 creatures vanquished

Notes
Turn   | Place    | Note
--------------------------------------------------------------
     0 | D:1      | Siriah, the Deep Dwarf Hunter, began the quest for the Orb.
     0 | D:1      | Reached XP level 1. HP: 19/19 MP: 1/1
   132 | D:1      | Reached XP level 2. HP: 26/26 MP: 2/2
   226 | D:1      | Reached skill level 5 in Crossbows
   271 | D:1      | Reached XP level 3. HP: 20/32 MP: 3/3
  1189 | D:2      | Reached XP level 4. HP: 18/39 MP: 4/4
  1288 | D:2      | Reached skill level 1 in Armour
  1682 | D:3      | Noticed an ice beast
  1691 | D:3      | Killed an ice beast
  1691 | D:3      | Reached XP level 5. HP: 11/46 MP: 5/5
  1808 | D:3      | Noticed Sigmund
  1829 | D:3      | Killed Sigmund
  1829 | D:3      | Reached skill level 6 in Crossbows
  2086 | D:3      | Reached XP level 6. HP: 35/55 MP: 6/6
  2134 | D:3      | Found a basalt altar of Yredelemnul.
  2728 | D:4      | Reached XP level 7. HP: 43/62 MP: 7/7
  2746 | D:4      | Reached skill level 5 in Dodging
  2907 | D:4      | Noticed Natasha
  2914 | D:4      | Killed Natasha
  2948 | D:4      | Noticed Natasha
  2949 | D:4      | Killed Natasha
  2949 | D:4      | Noticed Natasha
  2951 | D:4      | Killed Natasha
  3398 | D:5      | Entered Level 5 of the Dungeon
  3400 | D:5      | Noticed Ijyb
  3410 | D:5      | Killed Ijyb
  3555 | D:5      | Noticed Typee's ghost (average DENe)
  3568 | D:5      | Gained mutation: Your body is slowly deteriorating. [potion of mutation]
  3568 | D:5      | Lost mutation: Your body is slowly deteriorating. [potion of mutation]
  3568 | D:5      | Gained mutation: You are covered in fur (AC +1). [potion of mutation]
  3582 | D:5      | Killed Typee's ghost
  3582 | D:5      | Reached skill level 1 in Evocations
  3587 | D:5      | Reached skill level 7 in Crossbows
  3645 | D:5      | Found a sacrificial altar of Ru.
  3818 | D:5      | Reached XP level 8. HP: 57/72 MP: 9/9
  3843 | D:5      | Found a radiant altar of Vehumet.
  4115 | D:6      | Reached skill level 1 in Axes
  4162 | D:6      | Found a burning altar of Makhleb.
  4618 | D:6      | Found a sacrificial altar of Ru.
  4644 | D:6      | Learned a level 1 spell: Sting
  4734 | D:7      | Reached skill level 8 in Dodging
  4807 | D:6      | Found a staircase to the Ecumenical Temple.
  4810 | D:6      | Noticed Pikel
  4836 | D:6      | Reached skill level 1 in Conjurations
  4844 | D:6      | Killed Pikel
  4844 | D:6      | Reached skill level 1 in Spellcasting
  4844 | D:6      | Reached skill level 1 in Poison Magic
  4844 | D:6      | Gained mutation: You passively map the area around you. [level up]
  4844 | D:6      | Reached XP level 9. HP: 48/79 MP: 7/10
  4981 | Temple   | Entered the Ecumenical Temple
  5765 | D:6      | HP: 2/79 [orc warrior/trident (21)]
  5766 | D:6      | Mangled by an orc warrior

Action                   |  1- 3 |  4- 6 |  7- 9 || total
-------------------------+-------+-------+-------++-------
Melee: Short sword       |    76 |       |       ||    76
       Trident           |    58 |   171 |    71 ||   300
       War axe           |       |       |    98 ||    98
       Battleaxe         |       |       |    56 ||    56
 Fire: Hand crossbow     |    38 |    38 |    84 ||   160
 Cast: Sting             |       |       |    13 ||    13
 Abil: Device Recharging |       |       |     3 ||     3
Evoke: Wand              |       |     4 |    16 ||    20
  Use: Scroll            |     2 |     8 |     4 ||    14
       Potion            |     1 |     1 |     6 ||     8
 Stab: Sleeping          |       |     2 |     1 ||     3
  Eat: Chunk             |     1 |     5 |    11 ||    17
